 Dungeon Crawl Stone Soup version 0.24-a0-434-gd57e52fea8 (webtiles) character file.

Game seed: 10814252643634830550

97628 mortelune the Arsonist (level 15, -17/133 HPs)
             Began as a Purple Draconian Fire Elementalist on June 15, 2019.
             Was the Champion of Vehumet.
             Killed from afar by a gargoyle (22 damage)
             ... with a stone arrow
             ... summoned by an orange crystal statue
             ... on level 13 of the Dungeon.
             The game lasted 01:31:07 (35174 turns).

mortelune the Arsonist (DrFE)                      Turns: 35174, Time: 01:31:08

Health: -17/133    AC: 13    Str: 11      XL:     15   Next: 72%
Magic:  2/28       EV: 17    Int: 17 (22) God:    Vehumet [******]
Gold:   1149       SH:  7    Dex: 13      Spells: 7/32 levels left

rFire    + . .     SeeInvis .   S - +12 trident of Upheaval {pain, +Inv rElec}
rCold    + . .     Gourm    .   v - +2 buckler {rF+}
rNeg     . . .     Faith    .   (armour unavailable)
rPois    .         Spirit   .   O - +0 hat
rElec    +         Reflect  .   a - +2 cloak
rCorr    .         Harm     .   (no gloves)
MR       +++..                  y - +0 pair of boots
Stlth    ++........             (no amulet)
HPRegen  0.32/turn              m - ring of protection from magic
MPRegen  0.21/turn              N - ring of Diradd Ysio {rC+ Dex+2}

@: no status effects
A: breathe power, unfitting armour, cold-blooded, AC +9
a: Breathe Dispelling Energy, Renounce Religion, Evoke Invisibility


You were on level 13 of the Dungeon.
You worshipped Vehumet.
Vehumet was exalted by your worship.
You were near starving.

You visited 2 branches of the dungeon, and saw 19 of its levels.
You also visited: Bailey.

You collected 1381 gold pieces.
You spent 232 gold pieces at shops.

Inventory:

Hand Weapons
 u - a +2 morningstar of holy wrath
 S - the +12 trident of Upheaval (weapon) {pain, +Inv rElec}
   (You found it on level 6 of the Lair of Beasts)

   In the hands of one skilled in necromantic magic, it inflicts extra damage on
   living creatures.
   It insulates you from electricity.
   It lets you turn invisible.
 T - the +1 war axe of Contention {holy, *Noise rN+ SInv}
   (You found it on level 11 of the Dungeon)

   It has been blessed by the Shining One to cause great damage to the undead
   and demons.
   It protects you from negative energy.
   It lets you see invisible.
   It may make noises in combat.
Missiles
 D - a throwing net (quivered)
Armour
 a - a +2 cloak (worn)
 l - a scarf of repulsion
 v - a +2 buckler of fire resistance (worn)
 y - a +0 pair of boots (worn)
 O - a +0 hat (worn)
Magical Staves
 E - an uncursed staff of cold
 G - an uncursed staff of energy
 L - an uncursed staff of earth
Jewellery
 m - a ring of protection from magic (left hand)
 N - the ring of Diradd Ysio (right hand) {rC+ Dex+2}
   (You found it on level 4 of the Lair of Beasts)

   [ring of dexterity]

   It affects your dexterity (+2).
   It protects you from cold.
 P - an uncursed amulet of harm
 W - an uncursed ring of ice
Wands
 g - a wand of iceblast (16)
 q - a wand of flame (48)
 z - a wand of scattershot (11)
 H - a wand of digging (3)
 Q - a wand of random effects (21)
Scrolls
 d - 4 scrolls of identify
 f - 4 scrolls of immolation
 h - 4 scrolls of enchant armour
 i - 5 scrolls of teleportation
 j - 8 scrolls of remove curse
 o - a scroll of enchant weapon
 s - 2 scrolls of amnesia
 K - 3 scrolls of fog
 M - 2 scrolls of holy word
 R - a scroll of silence
 U - 2 scrolls of vulnerability
 Z - a scroll of magic mapping
Potions
 c - 4 potions of haste
 e - a potion of resistance
 k - 4 potions of mutation
 n - 7 potions of heal wounds
 p - 2 potions of degeneration
 r - 4 potions of lignification
 t - 3 potions of cancellation
 x - a potion of ambrosia
 A - a potion of might
 B - 2 potions of agility
 C - 9 potions of curing
 F - 4 potions of flight
 I - 2 potions of brilliance
 J - 3 potions of berserk rage
 X - 5 potions of magic
 Y - a potion of invisibility
Comestibles
 b - 20 rations
 w - 20 chunks of flesh


   Skills:
 + Level 12.3 Fighting
 - Level 6.6 Maces & Flails
 + Level 6.0 Polearms
 + Level 8.8 Dodging
 - Level 1.7 Stealth
 - Level 4.0 Shields
 - Level 9.4 Spellcasting
 - Level 12.7 Conjurations
 + Level 5.4 Necromancy
 - Level 13.0 Fire Magic


You had 7 spell levels left.
You knew the following spells:

 Your Spells              Type           Power        Failure   Level  Hunger
a - Flame Tongue          Conj/Fire      #####        1%          1    None
b - Throw Flame           Conj/Fire      ######       1%          2    None
c - Conjure Flame         Conj/Fire      ######..     1%          3    None
d - Sticky Flame          Conj/Fire      ######..     1%          4    ###....
e - Fireball              Conj/Fire      ######....   1%          5    #####..
f - Fulminant Prism       Conj/Hex       ####......   1%          4    ###....
g - Bolt of Magma         Conj/Fire/Erth #####.....   2%          5    #####..
s - Animate Skeleton      Necr           N/A          1%          1    None

Your spell library contained the following spells:

 Spells                   Type           Power        Failure   Level  Hunger
 Venom Bolt               Conj/Pois      ####......   5%          5    #####..
 Shock                    Conj/Air       ####         1%          1    None
 Inner Flame              Hex/Fire       ####....     1%          3    None
 Static Discharge         Conj/Air       ####....     1%          3    None
 Lightning Bolt           Conj/Air       ####......   5%          5    #####..
 Apportation              Tloc           #.....       9%          1    None
 Confusing Touch          Hex            #.....       9%          1    None
 Corona                   Hex            #......      9%          1    None
 Infusion                 Chrm           #...         9%          1    None
 Summon Small Mammal      Summ           #...         9%          1    None
 Regeneration             Chrm/Necr      ###.......   9%          3    None
 Shroud of Golubria       Chrm/Tloc      #.....       14%         2    None
 Slow                     Hex            #.......     14%         2    None
 Song of Slaying          Chrm           #.......     14%         2    None
 Swiftness                Chrm/Air       #.......     14%         2    None
 Airstrike                Air            #.........   22%         4    ###....
 Confuse                  Hex            #.......     26%         3    None
 Gell's Gravitas          Tloc           #.........   26%         3    None
 Portal Projectile        Hex/Tloc       #.....       26%         3    None
 Spectral Weapon          Hex/Chrm       #.......     26%         3    None
 Yara's Violent Unravell  Hex/Tmut       #.........   50%         5    #####..
 Cause Fear               Hex            #.........   65%         4    ###....
 Leda's Liquefaction      Hex/Erth       #.........   65%         4    ###....
 Petrify                  Tmut/Erth      #.......     65%         4    ###....
 Metabolic Englaciation   Hex/Ice        #.........   94%         5    #####..


Dungeon Overview and Level Annotations

Branches:
Dungeon (13/15)            Temple (0/1) D:5            Lair (6/6) D:8
  Swamp (0/4) Lair:2       Spider (0/4) Lair:3        Slime (0/5) Lair:5
    Orc (0/2) D:11         Vaults (0/5) D:13

Altars:
Ashenzari
Makhleb
Nemelex Xobeh
Qazlal
Ru
Sif Muna
Uskayaw
Vehumet
Wu Jian
Xom
Yredelemnul
Zin
The Shining One
Jiyva

Shops:
D:12 [

Annotations:
D:3 1 runed translucent door, vogonpoet's ghost, amateur HuWn
D:13 exclusion: orange crystal statue
Lair:4 1 runed translucent door, vogonpoet's ghost, journeyman TrTm


Innate Abilities, Weirdness & Mutations

You can breathe bolts of dispelling energy.
Your rich purple scales are hard. (AC +9)
You cannot fit into any form of body armour.
You are cold-blooded and may be slowed by cold attacks.


Message History

The vault guard hits you with a +0 great mace!!
A vampire mosquito comes into view.
You hear an angry buzzing noise.
A vampire mosquito comes into view.
The vault guard hits you with a +0 great mace!!
You barely miss the vampire mosquito. The vampire mosquito misses you.
The vault guard completely misses you.
The gargoyle hits you with a +5 morningstar!!
As you read the scroll of fear, it crumbles to dust.
You assume a fearsome visage.
The gargoyle is unaffected.
The vampire mosquito is unaffected. x2
The vault guard hits you with a +0 great mace!!
* * * LOW HITPOINT WARNING * * *
The vampire mosquito closely misses you.
The vampire mosquito bites you.
* * * LOW HITPOINT WARNING * * *
The vampire mosquito draws strength from your injuries!
The gargoyle hurls a stone arrow at you.
The stone arrow hits you!!
You die...

###########
######
.÷.........
....#
##........#
#...#
##....(...#
#yy.#
##........#
#.@.#
##........#
#.p9#
##........#
#...#
##........#
#...#
##........#
#...#
#........#
#..$#
#........#
#)..#
#........#
#...# .
#........#
#..≈##...


You could see a vault guard (berserk), 2 vampire mosquitoes and a gargoyle.

Vanquished Creatures
  Gastronok (Lair:2)
  A dire elephant (Lair:6)
  An ice dragon (Lair:4)
  2 catoblepae (Lair:6)
  3 vault guards (D:13)
  5 hydras
  A death knight (D:12)
  A deep troll shaman (Lair:6)
  12 death yaks
  An unseen horror (D:13)
  Pikel (D:8)
  An orc knight (Bailey)
  2 ugly things
  A deep elf mage (D:13)
  2 manticores (D:13)
  13 elephants
  A centaur zombie (D:7)
  A torpor snail (Lair:6)
  6 black mambas
  2 komodo dragons
  18 spiny frogs
  A kobold demonologist (D:13)
  2 rime drakes (Lair:3)
  A queen bee (D:9)
  4 polar bears
  A troll (D:11)
  6 hippogriffs
  20 blink frogs
  2 wyverns
  A wraith (D:10)
  50 yaks
  A hungry ghost (D:13)
  5 basilisks
  4 vampire mosquitoes
  An acid dragon (D:11)
  2 hell hounds (Lair:5)
  10 water moccasins
  6 porcupines
  10 orc warriors
  4 sky beasts
  2 black bears
  A hornet zombie (D:10)
  4 slaves
  2 phantoms
  2 ice beasts
  9 ogres
  A necrophage (D:11)
  40 wolves
  13 centaurs
  8 crocodiles
  3 big kobolds
  20 bullfrogs
  4 scorpions
  42 killer bees
  13 wights
  2 howler monkeys
  2 electric eels (D:11)
  4 crimson imps
  A quasit (D:9)
  A centaur skeleton (D:5)
  14 orc priests
  8 hounds
  2 bullfrog skeletons (D:9)
  A jelly (D:12)
  11 orc wizards
  An iguana (D:10)
  Natasha (thrice) (D:2)
  7 worker ants
  6 hell rats (Lair:5)
  A hound skeleton (D:7)
  A howler monkey zombie (D:7)
  A worker ant zombie (D:11)
  11 gnolls (Bailey)
  12 adders
  A shadow imp (D:10)
  3 white imps (Lair:4)
  2 oozes
  A worm (D:3)
  A dart slug (D:2)
  4 leopard geckos
  49 orcs
  3 ball pythons
  8 bats
  2 giant cockroaches
  6 goblins
  16 hobgoblins
  5 jackals
  25 kobolds
  2 quokkas
  10 frilled lizards
  A quokka skeleton (D:6)
  7 rats
  A butterfly (Lair:1)
  A fungus (Lair:6)
608 creatures vanquished.

Vanquished Creatures (collateral kills)
  A centaur zombie (D:13)
  A centaur skeleton (D:13)
  A bullfrog (D:13)
  2 gnolls (Bailey)
5 creatures vanquished.

Vanquished Creatures (others)
  9 fulminant prisms
  26 fungi
  12 plants
47 creatures vanquished.

Grand Total: 660 creatures vanquished

Notes
Turn   | Place    | Note
-------+----------+-------------------------------------------
     0 | D:1      | mortelune the Draconian Fire Elementalist began the quest
                  | for the Orb.
     0 | D:1      | Reached XP level 1. HP: 14/14 MP: 3/3
   160 | D:1      | Reached XP level 2. HP: 6/22 MP: 0/5
   284 | D:1      | Learned a level 2 spell: Throw Flame
   671 | D:1      | Reached skill level 1 in Fighting
  1492 | D:2      | Reached XP level 3. HP: 28/28 MP: 0/6
  1682 | D:2      | Noticed Natasha
  1691 | D:2      | Killed Natasha
  1958 | D:2      | Learned a level 3 spell: Conjure Flame
  2000 | D:2      | Found a radiant altar of Vehumet.
  2121 | D:2      | Reached XP level 4. HP: 35/35 MP: 4/7
  2599 | D:2      | Became a worshipper of Vehumet
  2642 | D:2      | Noticed Natasha
  2649 | D:2      | Killed Natasha
  2649 | D:2      | Reached skill level 4 in Fire Magic
  2959 | D:2      | Found a hide-covered altar of Uskayaw.
  3118 | D:2      | Noticed Natasha
  3123 | D:2      | Killed Natasha
  3123 | D:2      | Reached XP level 5. HP: 39/41 MP: 3/8
  3381 | D:3      | Found a runed translucent door.
  3382 | D:3      | Noticed vogonpoet's ghost (amateur HuWn)
  3393 | D:3      | Noticed an ice beast
  3762 | D:4      | Found an ornate altar of the Wu Jian Council.
  3936 | D:4      | Reached XP level 6. HP: 42/49 MP: 6/10
  4404 | D:3      | Reached skill level 5 in Fire Magic
  4530 | D:3      | Reached * piety under Vehumet
  4530 | D:3      | Offered knowledge of Shock by Vehumet.
  4536 | D:3      | Learned a level 4 spell: Sticky Flame
  4991 | D:3      | Killed an ice beast
  4991 | D:3      | Your scales start taking on a rich purple colour.
  4991 | D:3      | Reached XP level 7. HP: 57/57 MP: 5/13
  5320 | D:5      | Entered Level 5 of the Dungeon
  5693 | D:5      | Found a staircase to the Ecumenical Temple.
  6216 | D:5      | Reached skill level 5 in Conjurations
  6216 | D:5      | Reached skill level 6 in Fire Magic
  6443 | D:6      | Reached XP level 8. HP: 52/66 MP: 9/15
  6715 | D:6      | Found a shattered altar of Ashenzari.
  6839 | D:6      | Reached skill level 5 in Spellcasting
  7040 | D:6      | Reached skill level 7 in Fire Magic
  7208 | D:6      | Found a basalt altar of Yredelemnul.
  7232 | D:6      | Found a glowing golden altar of the Shining One.
  7806 | D:7      | Learned a level 5 spell: Fireball
  7926 | D:7      | Offered knowledge of Freeze by Vehumet.
  8043 | D:7      | Reached ** piety under Vehumet
  8097 | D:7      | Reached skill level 5 in Fighting
  8097 | D:7      | Reached XP level 9. HP: 74/74 MP: 9/17
  8546 | D:7      | Found a shimmering altar of Xom.
  8625 | D:7      | Found a glowing silver altar of Zin.
  8716 | D:8      | Found a stormy altar of Qazlal.
  8737 | D:8      | Reached skill level 8 in Fire Magic
 10243 | D:8      | Noticed an elephant
 10245 | D:8      | Found a staircase to the Lair.
 10287 | D:8      | Killed an elephant
 10429 | D:8      | Found a sparkling altar of Nemelex Xobeh.
 10443 | D:8      | Reached skill level 9 in Fire Magic
 10573 | D:8      | Reached XP level 10. HP: 83/83 MP: 15/20
 10736 | D:8      | Found a sacrificial altar of Ru.
 10736 | D:8      | Noticed Pikel
 11205 | D:8      | Killed Pikel
 11437 | D:9      | Found a burning altar of Makhleb.
 11437 | D:9      | Noticed a green death
 11440 | D:9      | Noticed an orange demon
 12263 | D:9      | Offered knowledge of Mephitic Cloud by Vehumet.
 12599 | D:9      | Found a deep blue altar of Sif Muna.
 13002 | D:9      | Reached skill level 10 in Fire Magic
 13339 | D:10     | Entered Level 10 of the Dungeon
 13527 | D:10     | Reached *** piety under Vehumet
 14065 | D:11     | Noticed a seven-headed hydra
 14340 | Lair:1   | Entered Level 1 of the Lair of Beasts
 14459 | Lair:1   | Noticed a spiny frog
 14471 | Lair:1   | Killed a spiny frog
 14471 | Lair:1   | Offered knowledge of Fulminant Prism by Vehumet.
 14471 | Lair:1   | Reached XP level 11. HP: 46/92 MP: 7/22
 14527 | Lair:1   | Learned a level 4 spell: Fulminant Prism
 14968 | Lair:1   | Reached skill level 10 in Conjurations
 15529 | Lair:2   | Found a staircase to the Swamp.
 16483 | Lair:2   | Noticed Gastronok
 17056 | Lair:3   | Reached skill level 11 in Fire Magic
 17073 | Lair:3   | Reached **** piety under Vehumet
 17097 | Lair:3   | Noticed an eight-headed hydra
 17207 | Lair:3   | Killed an eight-headed hydra
 17387 | Lair:3   | Found a hole to the Spider Nest.
 18387 | Lair:4   | Reached XP level 12. HP: 104/104 MP: 18/25
 19046 | Lair:3   | Reached skill level 1 in Maces & Flails
 19232 | Lair:3   | Offered knowledge of Bolt of Magma by Vehumet.
 19394 | Lair:3   | Learned a level 5 spell: Bolt of Magma
 19538 | Lair:4   | Reached skill level 5 in Dodging
 20364 | Lair:4   | Found a runed translucent door.
 20697 | Lair:4   | Noticed an ice dragon
 20702 | Lair:4   | Killed an ice dragon
 20860 | Lair:4   | Noticed vogonpoet's ghost (journeyman TrTm)
 20934 | Lair:4   | Got a crude bronze ring
 20953 | Lair:4   | Identified the ring of Diradd Ysio {rC+ Dex+2} (You found
                  | it on level 4 of the Lair of Beasts)
 21052 | Lair:4   | HP: 5/106 [poisoned by a spiny frog]
 21058 | Lair:4   | HP: 4/106 [poisoned by a spiny frog]
 21064 | Lair:4   | HP: 3/106 [poisoned by a spiny frog]
 21072 | Lair:4   | HP: 3/106 [poisoned by a spiny frog]
 21516 | Lair:5   | Found a dark tunnel.
 21998 | Lair:5   | Reached skill level 10 in Fighting
 22245 | Lair:5   | Noticed a seven-headed hydra
 22257 | Lair:5   | Killed a seven-headed hydra
 22523 | Lair:5   | Found a viscous altar of Jiyva.
 22524 | Lair:5   | Found a staircase to the Slime Pits.
 22648 | Lair:5   | Reached skill level 12 in Fire Magic
 23051 | Lair:5   | Noticed a five-headed hydra
 23055 | Lair:5   | Killed a five-headed hydra
 23055 | Lair:5   | Reached ***** piety under Vehumet
 23055 | Lair:5   | Reached skill level 1 in Shields
 23168 | Lair:5   | Offered knowledge of Force Lance by Vehumet.
 23364 | Lair:5   | Reached XP level 13. HP: 113/113 MP: 17/26
 23900 | Lair:6   | Entered Level 6 of the Lair of Beasts
 25099 | Lair:5   | Reached skill level 5 in Maces & Flails
 28021 | Lair:5   | Reached XP level 14. HP: 97/124 MP: 15/27
 28955 | Lair:6   | Got a warped trident
 28956 | Lair:6   | Identified the +12 trident of Upheaval {pain, +Inv rElec}
                  | (You found it on level 6 of the Lair of Beasts)
 29555 | Lair:2   | Reached skill level 1 in Polearms
 29774 | Lair:2   | Killed Gastronok
 30173 | D:11     | Reached skill level 13 in Fire Magic
 30805 | D:11     | Got a pitted war axe
 30818 | D:11     | Identified the cursed +1 war axe of Contention {holy,
                  | *Noise rN+ SInv} (You found it on level 11 of the Dungeon)
 30832 | D:11     | Learned a level 1 spell: Animate Skeleton
 31054 | D:11     | Offered knowledge of Ozocubu's Refrigeration by Vehumet.
 31472 | D:11     | Found a staircase to the Orcish Mines.
 32206 | D:11     | Reached skill level 1 in Necromancy
 32490 | D:12     | Found a flagged portal.
 32506 | Bailey   | Entered a bailey
 33892 | D:12     | Reached skill level 5 in Polearms
 33892 | D:12     | Reached XP level 15. HP: 132/132 MP: 28/28
 33898 | D:12     | Found Qeashreli's Antique Armour Shoppe.
 33907 | D:12     | Bought a shiny buckler for 232 gold pieces
 34527 | D:13     | Reached skill level 5 in Necromancy
 34934 | D:13     | Found a gate to the Vaults.
 35092 | D:13     | Reached ****** piety under Vehumet
 35092 | D:13     | Offered knowledge of Venom Bolt by Vehumet.
 35174 | D:13     | HP: 6/133 [vault guard/+0 great mace (35)]
 35174 | D:13     | Killed from afar by a gargoyle

Levels and vault maps discovered:
D:1:      psy_arrival_statuary, layout_basic, minmay_octomino_e4
D:2:      layout_basic, eat_drink_and_be_merry_uskayaw, vehumet_crystals,
          uniq_natasha
D:3:      minmay_angry_zag, layout_loops_ring, ebering_ghost_reflecting_pool
D:4:      layout_basic, nicolae_overflow_hidden_temple
D:5:      layout_basic, minmay_temple_entry_gardened_gates, first_ration
D:6:      layout_basic, lemuel_crystal_altar, ashenzari_conservatory_becter,
          basic_altar
D:7:      layout_cave_pools, zin_scriptorium, lemuel_round_altar
D:8:      layout_rooms, grunt_qazlal_sundering,
          nicolae_ru_great_annihilating_truth,
          nemelex_xobeh_ov_fountains_minmay, david_lair_generic, uniq_pikel
D:9:      layout_stronghold, makhleb_altar_promises_db, lemuel_crystal_altar,
          grunt_pizzeria, hangedman_decor_peaks_small, minivault_7
D:10:     layout_roguey, minmay_misc_feat_five
D:11:     layout_cave_pods, erik_orc_2
D:12:     layout_cave_pools, enter_bailey_2, serial_shops,
          nicolae_shop_waterfront
D:13:     layout_long_grid, lightli_vaults_fourway_checkpoint,
          minmay_protected_statue, uniq_maurice
Lair:1:   layout_small_grid, lemuel_fruit_fields, grunt_megastairs_3,
          serial_bayou_shore_b
Lair:2:   layout_roguey, swamp_mist_pool, uniq_gastronok
Lair:3:   layout_roguey, dummy_spider_entry, mumra_transporter_accident,
          lemuel_fruit_tree
Lair:4:   layout_cave_shapes, ebering_ghost_reflecting_pool,
          bobbens_ice_dragon_lair
Lair:5:   layout_cave_pods, slime_altar_1, enter_volcano_3, beast_lair_carwin_11
Lair:6:   grunt_lair_end_beastmaster, layout_cave_shapes, st_stairs_4,
          nicolae_lair_yak_garden, infiniplex_staircase_pool

Skill      XL: |  1  2  3  4  5  6  7  8  9 10 11 12 13 14 15 |
---------------+----------------------------------------------+-----
Fighting       | 1 2 3 5 6 7 9 10 11 12 | 12.3
Conjurations   | 2 3 4 5 6 8 9 10 11 12 | 12.7
Fire Magic     | 4 5 6 7 9 10 11 12 13 | 13.0
Spellcasting   | 4 5 6 7 9 |  9.4
Dodging        | 4 6 7 8 |  8.8
Maces & Flails | 4 6 |  6.6
Shields        | 1 4 |  4.0
Polearms       | 5 6 |  6.0
Necromancy     | 4 5 |  5.4
Stealth        | |  1.7

Action                   |  1- 3 |  4- 6 |  7- 9 | 10-12 | 13-15 || total
-------------------------+-------+-------+-------+-------+-------++-------
Melee: Unarmed           |    12 |       |       |       |       ||    12
       Tailslap          |     2 |       |     2 |     2 |    17 ||    23
       Dagger            |     2 |     3 |       |       |       ||     5
       Flail             |       |     2 |     2 |       |       ||     4
       Morningstar       |       |       |     8 |    19 |       ||    27
       Staff             |       |       |     4 |     5 |    13 ||    22
       Trident           |       |       |       |       |   142 ||   142
 Cast: Flame Tongue      |    34 |    78 |   154 |   299 |   244 ||   809
       Throw Flame       |    12 |    29 |    57 |    68 |    56 ||   222
       Sticky Flame      |       |       |    13 |    98 |   113 ||   224
       Fireball          |       |       |     2 |    64 |   131 ||   197
       Conjure Flame     |       |       |     2 |    10 |     4 ||    16
       Fulminant Prism   |       |       |       |     4 |     5 ||     9
       Bolt of Magma     |       |       |       |    11 |    46 ||    57
       Animate Skeleton  |       |       |       |       |     9 ||     9
 Abil: Breathe Dispellin |       |       |     1 |     1 |       ||     2
  Use: Scroll            |       |       |    18 |    15 |     7 ||    40
       Potion            |       |       |       |     4 |     2 ||     6
 Stab: Sleeping          |       |       |       |     1 |       ||     1
       Distracted        |       |       |       |       |     1 ||     1
  Eat: Chunk             |     5 |    10 |    12 |    22 |    26 ||    75
       Ration            |       |       |     2 |     5 |     9 ||    16
Armor: Skin              |     7 |    19 |    48 |   102 |    86 ||   262
Dodge: Dodged            |    22 |    25 |    67 |   268 |   278 ||   660
Block: Buckler           |       |       |       |     4 |   106 ||   110

Table legend:
 A = Non-vault XP
 B = Vault XP
 C = Vault XP percentage of total XP
 D = Non-vault monster count
 E = Vault monster count
 F = Vault count percentage of total count
                 A         B        C        D         E       F
            +---------+---------+-------+---------+---------+-------
      Total |   66224 |   28487 |  30.1 |     466 |     141 |  23.2
            +---------+---------+-------+---------+---------+-------
        D:1 |      31 |       3 |   8.8 |      16 |       2 |  11.1
        D:2 |     133 |      35 |  20.8 |      21 |       1 |   4.5
        D:3 |     238 |      33 |  12.2 |      25 |       5 |  16.7
        D:4 |     268 |       0 |   0.0 |      12 |       0 |   0.0
        D:5 |     634 |       0 |   0.0 |      14 |       0 |   0.0
        D:6 |     944 |       0 |   0.0 |      16 |       0 |   0.0
        D:7 |    1528 |       0 |   0.0 |      19 |       0 |   0.0
        D:8 |     881 |    1635 |  65.0 |      17 |       9 |  34.6
        D:9 |    1581 |    1497 |  48.6 |      27 |      19 |  41.3
       D:10 |    1111 |       0 |   0.0 |      16 |       0 |   0.0
       D:11 |    5178 |     679 |  11.6 |      58 |      21 |  26.6
       D:12 |    3846 |       0 |   0.0 |      29 |       0 |   0.0
       D:13 |    5834 |    3384 |  36.7 |      24 |       8 |  25.0
     Lair:1 |    1818 |     205 |  10.1 |       7 |       1 |  12.5
     Lair:2 |    6428 |    2297 |  26.3 |      28 |       1 |   3.4
     Lair:3 |    8786 |       0 |   0.0 |      35 |       0 |   0.0
     Lair:4 |    2839 |    2095 |  42.5 |      15 |       7 |  31.8
     Lair:5 |   13995 |    3665 |  20.8 |      52 |      10 |  16.1
     Lair:6 |   10151 |   12148 |  54.5 |      35 |      23 |  39.7
     Bailey |       0 |     811 | 100.0 |       0 |      34 | 100.0
            +---------+---------+-------+---------+---------+-------
